AoeStats
← DYN_BenderGC

Arabia

510541285Analyzed
1v1 RM · 1d ago on Oct 1, 2026· 25m 51s· 2 players
Game mode
Random Map
Map size
Tiny (2 player)
Population
200
Speed
Normal
Resources
Standard
Victory
Conquest
Starting age
Dark Age
Ending age
Imperial Age
RankedLock teamsTeams togetherTeam positionsShared explorationLock speedFull tech treeHidden civsTurbo modeCheats
Victory
Defeat
🇵🇪 Vietnamese · Peru
1618
+12
🇹🇼 Tatars · Taiwan
1527
-12
精銳拜占庭聖騎兵
6:16 Loom
9:11 Feudal Age
9:52 Double-Bit Axe
11:32 Town Watch
21:08 Padded Archer Armor
22:25 Fletching
DYN_BenderGC
6:37 Loom
9:11 Feudal Age
12:27 Fletching
17:18 Double-Bit Axe
24:48 Castle Age
23:53 Gold Mining
25:27 Bodkin Arrow
24:55 Crossbowman
Connection lost

Rejoining the realm…

Still unreachable

The connection could not be restored.

Session expired

The server has moved on; the page needs a fresh start.